Map: [ESL] Cosmic Sapphire

Players

Rattata

  • Race: Zerg Zerg
  • Spawn Location: 5:00

Elazer - Winner!

  • Race: Zerg Zerg
  • Spawn Location: 11:00

Event: DreamHack SC2 Masters 2022 Atlanta (Online)

VOD

Have the link to the VOD?

Description

Time

  • Played on: Sept. 28, 2022, 1:52 p.m.
  • Length: 7:40

All games in this series

Show
View Real Time Build Order
Export as new Build Order

Rattata Zerg 

Build Orders: Hatch First 

Get SALT Encoding   

  12  0:00  Drone  
  13  0:12  Overlord  
  13  0:16  Drone  
  14  0:31  Drone x2  
  16  0:47  Hatchery  
  15  0:51  Drone  
  15  0:54  Drone  
  17  0:58  Drone  
  18  1:08  Extractor  
  17  1:13  Spawning Pool  
  17  1:16  Drone  
  17  1:19  Drone  
  18  1:27  Drone  
  19  1:38  Drone  
  20  1:50  Drone  
  21  2:00  Queen x2  
  21  2:01  Zergling x2, Overlord  
  26  2:09  Spine Crawler  
  26  2:11  Baneling Nest  
  26  2:14  Zergling x2  
  25  2:16  Zergling x2  
  25  2:21  Zergling x2  
  27  2:23  Zergling x2  
  28  2:34  Zergling x4  
  29  2:42  Zergling x2  
  24  2:48  Zergling x2  
  24  2:54  Baneling  
  24  2:55  Zergling x2, Baneling  
  24  2:56  Zergling x2  
  23  3:05  Zergling x4  
  23  3:15  Zergling x2  
  23  3:21  Drone  
  21  3:31  Drone  
  24  3:39  Drone  
  24  3:40  Drone  
  24  3:49  Hatchery  
  24  3:52  Baneling  
  24  3:55  Baneling  
  23  4:03  Queen  
  23  4:06  Baneling  
  25  4:10  Drone  
  25  4:13  Drone  
  25  4:15  Drone  
  28  4:28  Zergling x2  
  28  4:30  Metabolic Boost  
  29  4:42  Queen  
  30  4:47  Overlord  
  30  4:52  Overlord  
  31  5:08  Zergling x6  
  31  5:12  Baneling  
  31  5:13  Baneling x2  
  32  5:16  Zergling x8  
  35  5:29  Drone  
  35  5:30  Drone  
  35  5:31  Drone  
  35  5:34  Drone  
  38  5:37  Baneling x3  
  37  5:43  Zergling x2  
  37  5:46  Queen  
  37  5:47  Zergling x2  
  31  5:52  Zergling x4  
  31  5:56  Zergling x2  
  30  6:04  Zergling x4  
  32  6:05  Baneling x2  
  32  6:06  Baneling  
  32  6:10  Zergling x2  
  32  6:13  Zergling x2  
  33  6:19  Zergling x4  
  34  6:31  Zergling x4  
  34  6:38  Zergling x2  
  34  6:47  Zergling x8  
  37  6:56  Baneling x6  
  37  6:58  Zergling x4  
  39  7:04  Zergling x4  
  41  7:10  Zergling x4  
  41  7:15  Baneling x2  
  42  7:18  Zergling x2  
Show
View Real Time Build Order
Export as new Build Order

Elazer Zerg - Winner!

Build Orders: 1 Base Baneling Bust, Pool First 

Get SALT Encoding   

  12  0:00  Drone  
  13  0:11  Extractor  
  12  0:23  Spawning Pool  
  11  0:29  Drone  
  11  0:33  Drone  
  13  0:40  Drone  
  14  0:51  Overlord  
  14  1:10  Zergling x4  
  16  1:11  Metabolic Boost  
  16  1:15  Zergling x2  
  17  1:23  Zergling x2  
  18  1:31  Baneling Nest  
  17  1:34  Zergling x2  
  18  1:44  Zergling x2  
  19  1:57  Zergling x2  
  20  2:07  Zergling x2  
  21  2:15  Baneling x2  
  21  2:20  Hatchery  
  20  2:23  Zergling x2  
  20  2:28  Zergling x2  
  22  2:31  Baneling  
  20  2:59  Baneling  
  20  3:00  Zergling x2  
  21  3:06  Zergling x2  
  21  3:17  Drone x2  
  19  3:27  Zergling x2  
  19  3:34  Zergling x2  
  19  3:35  Zergling x2  
  19  3:41  Queen x2  
  23  3:49  Drone x2  
  23  3:52  Baneling x2  
  23  3:55  Drone x2  
  27  4:05  Overlord  
  27  4:06  Drone  
  27  4:27  Drone x4  
  30  4:40  Zergling x4  
  32  4:48  Zergling x4  
  32  4:59  Zergling x4  
  34  5:04  Zergling x4  
  34  5:05  Overlord  
  35  5:09  Zergling x2  
  35  5:11  Baneling x2  
  36  5:16  Baneling  
  36  5:17  Baneling, Hatchery  
  36  5:20  Drone  
  35  5:29  Drone x6  
  35  5:35  Drone x2  
  42  5:41  Zergling x4  
  43  5:45  Zergling x4  
  43  5:54  Zergling x2  
  41  5:59  Zergling x2  
  41  6:02  Zergling x2  
  43  6:06  Overlord  
  43  6:10  Baneling x2  
  43  6:12  Baneling x2  
  43  6:20  Overlord  
  43  6:21  Drone  
  43  6:24  Queen  
  46  6:31  Drone x9  
  48  6:41  Zergling x4  
  48  6:45  Zergling x2  
  50  6:48  Queen  
  50  6:51  Zergling x4  
  50  6:53  Spine Crawler  
  53  6:55  Zergling x8  
  53  6:58  Zergling x4  
  59  7:01  Zergling x2  
  59  7:02  Zergling x2  
  59  7:08  Overlord  
  61  7:11  Zergling x2  
  61  7:17  Overlord  
  61  7:20  Baneling x2  
Tags
 
Add a new tag
Caveats
  • Supply blocks, unpowered buildings, or Contaminate may cause inaccurate times.
  • Supply counts are checked every 10 seconds.